 Dungeon Crawl Stone Soup version 0.28.0-45-g0d030f2227 (webtiles) character file.

Game seed: 16642742452068635317

85313 Peloso the Tortoise (level 15, -17/141 HPs)
             Began as a Minotaur Fighter on Apr 4, 2022.
             Was a High Priest of Okawaru.
             Killed from afar by Roxanne (58 damage)
             ... with an iron shot
             ... on level 14 of the Dungeon.
             The game lasted 00:48:38 (31961 turns).

Peloso the Tortoise (Minotaur Fighter)             Turns: 31961, Time: 00:48:38

Health: -17/141    AC: 26    Str: 27      XL:     15   Next: 37%
Magic:  14/16      EV: 11    Int:  3 (5)  God:    Okawaru [*****.]
Gold:   2241       SH: 21    Dex: 11      Spells: 14/14 levels left

rFire   . . .      SeeInvis +   a - +11 falchion of Iwogrim {venom, SInv Stlth+}
rCold   + . .      Faith    .   d - +0 tower shield
rNeg    . . .      Spirit   .   S - +1 plate armour {rC+}
rPois   .          Reflect  .   P - +1 hat {Will+}
rElec   .          Harm     .   o - +0 cloak
rCorr   .          Rampage  .   e - +0 pair of gloves
Will    ++...                   (no boots)
Stlth   ..........              (no amulet)
HPRegen 0.33/turn               l - +4 ring of slaying
MPRegen 0.15/turn               (no ring)

@: heroic, studying Ice Magic
A: horns 2, retaliatory headbutt
a: Renounce Religion, Heroism, Finesse, Duel


You were on level 14 of the Dungeon.
You worshipped Okawaru.
Okawaru was extremely pleased with you.
You visited 3 branches of the dungeon, and saw 20 of its levels.
You also visited: Ice Cave.

You collected 2241 gold pieces.

Inventory:

Hand Weapons
 a - the +11 falchion of Iwogrim (weapon) {venom, SInv Stlth+}
   (You found it on level 8 of the Dungeon)

   It poisons the flesh of those it strikes.
   SInv:      It lets you see invisible.
   Stlth:     It makes you more stealthy.
 b - a +3 scimitar of flaming
Armour
 c - a +0 buckler
 d - a +0 tower shield (worn)
 e - a +0 pair of gloves (worn)
 i - the +14 crystal plate armour "Umiuhina" {*Corrode +Blink Int+4}
   (Okawaru gifted it to you in an ice cave)

   Int:       It affects your intelligence (+4).
   +Blink:    It lets you blink.
   *Corrode:  It may corrode you when you take damage.
 n - +0 ice dragon scales
 o - a +0 cloak (worn)
 z - the +1 crystal plate armour "Cekhlyg" {Will+}
   (Okawaru gifted it to you on level 2 of the Orcish Mines)

   Will:      It increases your willpower.
 H - a +2 plate armour of fire resistance
 P - a +1 hat of willpower (worn)
 S - a +1 plate armour of cold resistance (worn)
Jewellery
 l - a +4 ring of slaying (left hand)
 r - an amulet of the acrobat
 E - the ring "Cecla" {Fire rN+ Int+2 Dex-3}
   (You found it on level 2 of the Lair of Beasts)

   [ring of fire]

   It enhances your fire magic.
   Int:       It affects your intelligence (+2).
   Dex:       It affects your dexterity (-3).
   rF:        It protects you from fire.
   rC:        It makes you vulnerable to cold.
   rN:        It protects you from negative energy.
 O - a ring of see invisible
 U - a ring of ice
 Z - a ring of fire
Wands
 q - a wand of polymorph (9)
 D - a wand of acid (3)
 J - a wand of paralysis (10)
 L - a wand of flame (35)
 R - a wand of digging (2)
Scrolls
 f - 4 scrolls of brand weapon
 j - 9 scrolls of fog {unknown}
 k - 4 scrolls of summoning {unknown}
 m - 13 scrolls of teleportation
 p - 5 scrolls of magic mapping
 v - 4 scrolls of amnesia {unknown}
 w - 2 scrolls of identify
 y - 2 scrolls of enchant armour {unknown}
 A - 3 scrolls of noise {unknown}
 B - a scroll of fear {unknown}
 F - 3 scrolls of holy word
 I - a scroll of blinking
 M - 3 scrolls of immolation {unknown}
 V - a scroll of enchant weapon {unknown}
 W - 3 scrolls of vulnerability {unknown}
 Y - a scroll of acquirement {unknown}
Potions
 g - 2 potions of haste
 h - 4 potions of curing
 s - a potion of brilliance
 t - 5 potions of flight
 x - a potion of invisibility
 C - a potion of mutation
 G - 2 potions of might
 K - a potion of ambrosia {unknown}
 N - 2 potions of berserk rage
 T - a potion of resistance {unknown}


   Skills:
 + Level 15.1(20.1) Fighting
 + Level 17.0(22.0) Long Blades
 + Level 17.3(22.3) Armour
 + Level 4.0(9.0) Dodging
 + Level 2.2(7.2) Stealth
 + Level 16.5(21.5) Shields
 + Level 3.1 Invocations
 + Level 0.6 Evocations


You had 14 spell levels left.
You didn't know any spells.
Your spell library contained the following spells:

 Spells                   Type           Power      Damage    Failure   Level
 Corpse Rot               Necr/Air       0%         N/A       100%        2
 Poisonous Vapours        Pois/Air       0%         N/A       100%        2
 Confusing Touch          Hex            0%         N/A       100%        3
 Frozen Ramparts          Ice            0%         1d2       100%        3
 Cause Fear               Hex            0%         N/A       100%        4
 Dispel Undead            Necr           0%         3d6       100%        4
 Ice Form                 Ice/Tmut       0%         N/A       100%        4
 Leda's Liquefaction      Hex/Erth       0%         N/A       100%        4
 Lee's Rapid Deconstruct  Erth           0%         3d5*      100%        5
 Yara's Violent Unravell  Hex/Tmut       0%         3d3       100%        5
 Conjure Ball Lightning   Conj/Air       0%         3x3d6     100%        6
 Statue Form              Tmut/Erth      0%         N/A       100%        6
 Dragon Form              Tmut           0%         N/A       100%        7
 Enfeeble                 Hex            0%         N/A       100%        7
 Discord                  Hex            0%         N/A       100%        8
 Disjunction              Tloc           0%         N/A       100%        8
 Summon Ice Beast         Ice/Summ       Unusable   N/A       N/A         4
 Death Channel            Necr           Unusable   N/A       N/A         6
 Dragon's Call            Summ           Unusable   N/A       N/A         9

Dungeon Overview and Level Annotations

Branches:
Dungeon (15/15)            Temple (0/1) D:5            Lair (3/6) D:9
 Shoals (0/4) Lair:2       Spider (0/4) Lair:2          Orc (2/2) D:10
    Elf (0/3) Orc:2        Vaults (0/5) D:13         Depths (0/4) D:15
  IceCv (visited)

Altars:
Ashenzari
Cheibriados
Hepliaklqana
Makhleb
Okawaru
Ru
Sif Muna
Trog
Xom
Yredelemnul
The Shining One

Shops:
Orc:2 [:((

Annotations:
D:10 Casa
D:14 Roxanne


Innate Abilities, Weirdness & Mutations

You have a pair of horns on your head.
You reflexively headbutt those who attack you in melee.


Message History

You slash Roxanne! You headbutt Roxanne!
Roxanne is heavily damaged.
You hit Roxanne but do no damage. You headbutt Roxanne, but do no damage.
Roxanne is heavily damaged.
Roxanne casts a spell.
You blink.
The cyclops throws a large rock.
You block the large rock.
Roxanne casts a spell.
The bolt of magma hits you.
You feel like a meek peon again.
Unknown command.
You slash Roxanne!
Roxanne is heavily damaged.
You slice Roxanne!! You headbutt Roxanne, but do no damage.
Roxanne is severely damaged.
You hit Roxanne but do no damage.
Roxanne is severely damaged.
You hit Roxanne but do no damage. You headbutt Roxanne.
Roxanne is severely damaged.
Roxanne casts a spell.
You blink.
The cyclops throws a large rock.
You block the large rock.
Roxanne casts a spell.
The iron shot misses you.
Roxanne mumbles some strange words.
The bolt of magma hits you!!!
* * * LOW HITPOINT WARNING * * *
You feel much better.
The cyclops throws a large rock.
You block the large rock.
You gain the combat prowess of a mighty hero.
Roxanne casts a spell.
The iron shot hits you.
* * * LOW HITPOINT WARNING * * *
You hit Roxanne but do no damage. You headbutt Roxanne.
Roxanne is severely damaged.
The cyclops throws a large rock.
You block the large rock.
You hit Roxanne but do no damage.
Roxanne is severely damaged.
Roxanne casts a spell.
The iron shot hits you!!!
You die...

#....>. #...... #......
######......
#........... #####
#........... #...#
#...........
######.8.###...........
#.....@...............#
#..............)......#
#.....C...............#
#............########.#
#............# #.#
#............# #.#
#............# #.#
#..).........# #.#
#............# #..


You could see Roxanne and a cyclops.

Vanquished Creatures
  Louise (D:15)
  2 orc warlords (Orc:2)
  A reaper (IceCv)
  Snorg (D:10)
  3 fire dragons
  Josephine (D:12)
  A great orb of eyes (D:15)
  5 hydras
  Fannar (D:10)
  An ice dragon (D:13)
  4 boulder beetles
  Erica (D:10)
  8 vault guards
  3 ogre magi
  A boulder beetle (shapeshifter) (D:15)
  3 centaur warriors
  11 two-headed ogres
  4 death yaks (Lair:3)
  4 orc high priests (Orc:2)
  Nergalle (Lair:3)
  5 orc knights
  A deep elf pyromancer (D:12)
  5 orc sorcerers
  6 ugly things
  2 wolf spiders (Lair:2)
  8 cyclopes
  4 manticores
  3 centaur zombies
  2 ice statues (IceCv)
  8 cane toads
  Psyche (D:11)
  A gargoyle (D:11)
  2 kobold demonologists
  2 unseen horrors (D:10)
  2 komodo dragons
  A rime drake (Lair:2)
  5 ice devils (IceCv)
  3 anaconda simulacra (IceCv)
  5 entropy weaver simulacra (IceCv)
  2 efreet
  2 tengu conjurers
  A polar bear (Lair:3)
  A wind drake (Lair:1)
  7 trolls
  3 meliai (D:15)
  12 blink frogs
  Grinder (D:3)
  12 slime creatures
  2 shadows
  Sigmund (D:4)
  2 dire elephant simulacra (IceCv)
  A spriggan (D:14)
  7 wraiths
  A centaur simulacrum (D:14)
  3 culicivoras (Lair:2)
  12 yaks
  4 wyverns
  2 steam dragons
  3 vampires
  5 basilisks
  9 vampire mosquitoes
  7 water moccasins
  5 wargs
  2 acid dragons (D:10)
  A water moccasin (shapeshifter) (D:15)
  Duvessa (D:7)
  40 orc warriors
  A black bear (D:6)
  3 necrophages
  11 ogres
  9 wolves
  11 centaurs
  A phantom (D:7)
  13 bullfrogs
  4 kobold brigands
  2 scorpions
  3 gnoll sergeants
  3 wyvern zombies
  A two-headed ogre simulacrum (IceCv)
  Dowan (D:7)
  A water moccasin skeleton (D:7)
  16 killer bees
  3 wights (D:8)
  4 howler monkeys
  A hound (D:4)
  23 orc priests
  A jelly (D:6)
  Natasha (thrice) (D:2)
  2 iguanas
  34 orc wizards
  2 wolf simulacra (IceCv)
  A killer bee zombie (D:9)
  A polar bear simulacrum (IceCv)
  2 hound skeletons (D:4)
  A howler monkey zombie (D:4)
  5 gnolls
  3 adders
  A naga simulacrum (IceCv)
  13 white imps
  An ufetubus (IceCv)
  An adder skeleton (D:4)
  4 worms
  A dart slug (D:4)
  83 orcs
  5 ball pythons
  4 bats
  6 endoplasms
  5 giant cockroaches
  3 goblins
  11 hobgoblins
  7 jackals
  A quokka (D:4)
  3 frilled lizards
  29 kobolds
  7 rats
  A bush (D:7)
624 creatures vanquished.

Vanquished Creatures (others)
  3 orc wizards (Orc:2)
  A gnoll (D:9)
  An orc (Orc:2)
  A demonic plant (D:2)
  9 fungi
  24 plants
  A withered plant (D:2)
40 creatures vanquished.

Grand Total: 664 creatures vanquished

Notes
Turn   | Place    | Note
-------+----------+-------------------------------------------
     0 | D:1      | Peloso the Minotaur Fighter began the quest for the Orb.
     0 | D:1      | Reached XP level 1. HP: 19/19 MP: 0/0
   216 | D:1      | Reached XP level 2. HP: 27/27 MP: 1/1
   712 | D:2      | Found a faded altar of an unknown god.
   951 | D:2      | Reached XP level 3. HP: 33/33 MP: 2/2
  1039 | D:2      | Noticed Natasha
  1044 | D:2      | Killed Natasha
  1048 | D:2      | Noticed Natasha
  1053 | D:2      | Killed Natasha
  1054 | D:2      | Reached XP level 4. HP: 35/40 MP: 3/3
  1921 | D:2      | Noticed Natasha
  1931 | D:2      | Killed Natasha
  1932 | D:2      | Reached skill level 1 in Dodging
  2212 | D:3      | Noticed Grinder
  2222 | D:3      | Paralysed by Grinder for 2 turns
  2225 | D:3      | Killed Grinder
  2226 | D:3      | Reached skill level 5 in Long Blades
  2226 | D:3      | Reached skill level 5 in Armour
  2226 | D:3      | Reached XP level 5. HP: 40/47 MP: 4/4
  2226 | D:3      | Reached XP level 6. HP: 45/53 MP: 5/5
  2551 | D:3      | Found an iron altar of Okawaru.
  2565 | D:3      | Became a worshipper of Warmaster Okawaru
  2965 | D:4      | Noticed Sigmund
  2999 | D:4      | Killed Sigmund
  3000 | D:4      | Reached XP level 7. HP: 51/60 MP: 6/6
  3009 | D:4      | Reached skill level 5 in Fighting
  3086 | D:4      | Found a shimmering blue altar of Sif Muna.
  3194 | D:4      | Found a burning altar of Makhleb.
  3205 | D:4      | Reached * piety under Okawaru
  3294 | D:4      | Found a shimmering altar of Xom.
  3382 | D:4      | Noticed a steam dragon
  3387 | D:4      | Killed a steam dragon
  3489 | D:4      | Found a glowing golden altar of the Shining One.
  3779 | D:5      | Entered Level 5 of the Dungeon
  3797 | D:5      | Reached XP level 8. HP: 66/69 MP: 7/7
  3813 | D:5      | Found a hazy altar of Hepliaklqana.
  4091 | D:5      | Found a staircase to the Ecumenical Temple.
  4156 | D:5      | Reached ** piety under Okawaru
  4564 | D:6      | Reached skill level 5 in Shields
  4569 | D:6      | Noticed a two-headed ogre
  4579 | D:6      | Killed a two-headed ogre
  4801 | D:6      | Reached skill level 10 in Long Blades
  4801 | D:6      | Reached XP level 9. HP: 37/78 MP: 8/8
  5403 | D:6      | Reached *** piety under Okawaru
  6599 | D:7      | Noticed Duvessa
  6615 | D:7      | Killed Duvessa
  6616 | D:7      | Reached skill level 1 in Stealth
  6616 | D:7      | Noticed Dowan
  6624 | D:7      | Killed Dowan
  7492 | D:7      | Found a basalt altar of Yredelemnul.
  7638 | D:7      | Reached **** piety under Okawaru
  7646 | D:7      | Reached XP level 10. HP: 64/88 MP: 9/9
  7972 | D:8      | Found a snail-covered altar of Cheibriados.
  7975 | D:8      | Identified the +11 falchion of Iwogrim {venom, SInv Stlth+}
  8128 | D:8      | Found a broken altar of Ashenzari.
  8940 | D:9      | Found a staircase to the Lair.
  8966 | D:9      | Reached ***** piety under Okawaru
  9322 | D:9      | Reached skill level 1 in Invocations
  9846 | D:10     | Entered Level 10 of the Dungeon
  9955 | D:10     | Noticed a two-headed ogre
  9982 | D:10     | Killed a two-headed ogre
  9982 | D:10     | Received a gift from Okawaru
  9983 | D:10     | Reached skill level 10 in Armour
  9987 | D:10     | Reached XP level 11. HP: 44/97 MP: 11/11
 10021 | D:10     | Noticed a two-headed ogre
 10371 | D:10     | Found a staircase to the Orcish Mines.
 10712 | D:10     | Noticed Fannar
 10730 | D:10     | Killed Fannar
 10750 | D:10     | Killed a two-headed ogre
 11024 | D:10     | Reached skill level 10 in Fighting
 11166 | D:10     | Noticed Snorg
 11180 | D:10     | Killed Snorg
 11667 | D:10     | Found a bloodstained altar of Trog.
 12043 | D:11     | Noticed Psyche
 12154 | D:11     | Reached skill level 10 in Shields
 12170 | D:11     | Killed Psyche
 12341 | D:11     | Identified the +6 ring mail of the Wild Haggis {Harm rPois
                  | Will++ Dex-2} (Okawaru gifted it to you on level 11 of the
                  | Dungeon)
 12341 | D:11     | Received a gift from Okawaru
 12764 | D:11     | Noticed Erica
 12764 | D:11     | Noticed a five-headed hydra
 12794 | D:10     | Killed Erica
 12831 | D:11     | Killed a three-headed hydra
 13049 | Lair:1   | Entered Level 1 of the Lair of Beasts
 13061 | Lair:1   | Reached XP level 12. HP: 75/108 MP: 12/12
 13551 | Lair:1   | Noticed a six-headed hydra
 13563 | Lair:1   | Killed a four-headed hydra
 14377 | Lair:2   | Found a staircase to the Shoals.
 14386 | Lair:2   | Noticed a five-headed hydra
 14662 | Lair:1   | HP: 4/110 [poisoned by a cane toad]
 14665 | Lair:1   | Killed a two-headed hydra
 15095 | Lair:2   | Received a gift from Okawaru
 15357 | Lair:2   | Reached ****** piety under Okawaru
 15852 | Lair:2   | Found a hole to the Spider Nest.
 15916 | Lair:2   | Identified the ring "Cecla" {Fire rN+ Int+2 Dex-3}
 16521 | Lair:3   | Noticed a boulder beetle
 16543 | Lair:3   | Killed a boulder beetle
 16959 | Lair:3   | Identified the +0 hat "Buzo" {Dex+4} (Okawaru gifted it to
                  | you on level 3 of the Lair of Beasts)
 16959 | Lair:3   | Received a gift from Okawaru
 16960 | Lair:3   | Reached XP level 13. HP: 118/118 MP: 13/13
 16973 | Lair:3   | Noticed Nergalle
 16981 | Lair:3   | Killed Nergalle
 17135 | Lair:3   | Reached skill level 15 in Long Blades
 17955 | D:12     | Noticed Josephine
 17960 | D:12     | Killed Josephine
 18624 | D:12     | Reached skill level 15 in Armour
 18943 | D:12     | Received a gift from Okawaru
 19510 | D:13     | Found a frozen archway.
 19556 | IceCv    | Entered an ice cave
 19856 | IceCv    | Identified the +14 crystal plate armour "Umiuhina"
                  | {*Corrode +Blink Int+4} (Okawaru gifted it to you in an ice
                  | cave)
 19856 | IceCv    | Received a gift from Okawaru
 20341 | IceCv    | Noticed a reaper
 20353 | IceCv    | Killed a reaper
 20500 | D:13     | Reached XP level 14. HP: 109/129 MP: 14/14
 21390 | D:13     | Found a gate to the Vaults.
 21430 | D:13     | Received a gift from Okawaru
 23334 | D:14     | Received a gift from Okawaru
 23498 | D:14     | Noticed Roxanne
 23655 | Orc:1    | Entered Level 1 of the Orcish Mines
 24000 | Orc:2    | Entered Level 2 of the Orcish Mines
 24073 | Orc:2    | Noticed an orc warlord
 24093 | Orc:2    | Found Zebosan's Antique Weapon Shop.
 24546 | Orc:2    | Paralysed by an orc sorcerer for 5 turns
 25226 | Orc:2    | Killed an orc warlord
 25227 | Orc:2    | Reached skill level 15 in Shields
 25573 | Orc:2    | Found a staircase to the Elven Halls.
 26801 | Orc:2    | Noticed an orc warlord
 26950 | Orc:2    | Killed an orc warlord
 26950 | Orc:2    | Identified the +1 crystal plate armour "Cekhlyg" {Will+}
                  | (Okawaru gifted it to you on level 2 of the Orcish Mines)
 26950 | Orc:2    | Received a gift from Okawaru
 27840 | Orc:2    | Found Gemoemep's Antique Armour Shoppe.
 27841 | Orc:2    | Found Gyxzush's Antique Weapon Emporium.
 27843 | Orc:2    | Found Ytutotaq's General Store.
 27843 | Orc:2    | Found Geural's Book Shoppe.
 28819 | D:14     | Reached XP level 15. HP: 109/139 MP: 16/16
 29124 | D:15     | Entered Level 15 of the Dungeon
 30582 | D:15     | Reached skill level 15 in Fighting
 30620 | D:15     | Noticed an emperor scorpion
 30623 | D:15     | Received a gift from Okawaru
 30624 | D:15     | an emperor scorpion changed into a death yak
 31050 | D:15     | Found a staircase to the Depths.
 31146 | D:15     | Found a sacrificial altar of Ru.
 31158 | D:15     | Noticed Louise
 31734 | D:15     | Killed Louise
 31961 | D:14     | Killed from afar by Roxanne

Illustrated notes

Levels and vault maps discovered:
D:1:      dpeg_arrival_lava_temple_mockup, layout_loops_ring
D:2:      layout_basic, serial_forest, infiniplex_forest_clump_double,
          infiniplex_forest_side_room, infiniplex_forest_lined_corner,
          infiniplex_forest_straight_2, infiniplex_forest_diagonal,
          shapermc_ecumenical_altar_gd, uniq_natasha
D:3:      layout_loops_ring, okawaru_altar_gauntlet_db, uniq_grinder
D:4:      layout_rooms, tso_metal_star, makhleb_blood_cavern_becter,
          mainiacjoe_overflow_small_starburst, lemuel_crystal_altar,
          kennysheep_windowed_goal, uniq_sigmund
D:5:      layout_basic, general_overflow_altar,
          minmay_temple_entry_enclosed_plants
D:6:      layout_layer_cave
D:7:      layout_loops_ring, lemuel_zombie_altar_yredelemnul,
          minmay_misc_feat_ornament, kb_lookout_dungeons_type, uniq_duvessa
D:8:      layout_loops_ring, mainiacjoe_overflow_six_doors_small,
          mainiacjoe_overflow_boulevard
D:9:      layout_loops_ring, erik_lair_orcish_takeover
D:10:     hangedman_cross_stitches, layout_layer_cave, tgw_trog, uniq_fannar,
          uniq_snorg
D:11:     layout_long_grid, uniq_psyche, uniq_erica
D:12:     layout_basic, uniq_josephine
D:13:     layout_stronghold, erik_vaults_2, portal_ice_cave_entry_imps
D:14:     minmay_stepped, layout_basic, the_hattery, uniq_roxanne
D:15:     gammafunk_enter_depths_forms, layout_long_grid,
          nicolae_ru_awakened_eye, nrook_loot_triangle, minmay_crystal_room,
          minivault_20, uniq_louise
Lair:1:   layout_misc_corridors, serial_forest, infiniplex_forest_straight_5,
          infiniplex_forest_end_1, infiniplex_forest_lined_room_2,
          infiniplex_forest_clump_medium, infiniplex_forest_corner_1,
          infiniplex_forest_straight_3, infiniplex_forest_straight_5,
          infiniplex_forest_end_2, infiniplex_forest_straight_2
Lair:2:   layout_gridlike, minmay_shoals_entry_beasts,
          hellmonk_spider_entry_life_and_decay, st_stairs_11,
          nicolae_lair_run_with_the_wolves
Lair:3:   layout_chaotic_city, serial_bayou_shore_b, uniq_nergalle
Orc:1:    layout_caves
Orc:2:    st_orc_congregation, layout_caves, serial_shops,
          nicolae_shop_hallway_stairs

Skill      XL: |  1  2  3  4  5  6  7  8  9 10 11 12 13 14 15 |
---------------+----------------------------------------------+-----
Armour         | 4 5 6 7 8 10 11 13 15 16 17 | 17.3
Shields        | 4 5 6 8 10 12 14 15 16 | 16.5
Fighting       | 4 5 6 8 9 10 12 13 14 15 | 15.1
Long Blades    | 3 5 6 7 10 11 12 14 15 16 17 | 17.0
Dodging        | 1 2 3 4 |  4.0
Stealth        | 1 2 |  2.2
Invocations    | 1 2 3 |  3.1
Evocations     | |  0.6

Action                   |  1- 3 |  4- 6 |  7- 9 | 10-12 | 13-15 || total
-------------------------+-------+-------+-------+-------+-------++-------
Melee: Long sword        |    67 |    80 |   235 |    16 |       ||   398
       Headbutt          |     8 |    11 |    51 |    98 |   267 ||   435
       Falchion          |       |       |       |   459 |   972 ||  1431
       Scimitar          |       |       |       |    12 |    11 ||    23
Invok: Heroism           |       |       |     3 |    10 |    23 ||    36
Evoke: Wand              |       |       |       |       |     4 ||     4
  Use: Potion            |     1 |       |       |     4 |     6 ||    11
       Scroll            |       |       |       |    13 |     6 ||    19
Armor: Scale mail        |    36 |    40 |       |       |       ||    76
       Chain mail        |       |    13 |    24 |       |       ||    37
       Plate armour      |       |       |    86 |   270 |   386 ||   742
Dodge: Dodged            |    51 |    46 |    49 |   135 |   222 ||   503
Block: Buckler           |    10 |    22 |    20 |       |       ||    52
       Kite shield       |       |       |    57 |   324 |   499 ||   880
       Tower shield      |       |       |       |       |     7 ||     7
